 Dungeon Crawl Stone Soup version 0.26-a0-708-g17f3b190f9 (webtiles) character file.

Game seed: 8992297578353814538

18 ICC the Grave Robber (level 2, -1/14 HPs)
             Began as a Vine Stalker Wanderer on Oct 29, 2020.
             Slain by a leopard gecko (2 damage)
             ... on level 1 of the Dungeon.
             The game lasted 00:04:49 (301 turns).

ICC the Grave Robber (Vine Stalker Wanderer)         Turns: 301, Time: 00:04:49

Health: -1/14      AC:  2    Str: 16    XL:     2   Next: 66%
Magic:  0/5        EV: 11    Int: 13    God:
Gold:   0          SH:  0    Dex: 10    Spells: 2/4 levels left

rFire    . . .     SeeInvis .   a - +0 dagger
rCold    . . .     Faith    .   (no shield)
rNeg     . . .     Spirit   +   b - +0 robe
rPois    .         Reflect  .   (no helmet)
rElec    .         Harm     .   (no cloak)
rCorr    .         Rampage  .   (no gloves)
MR       .....                  (no boots)
Stlth    +.........             (no amulet)
HPRegen  0.04/turn              (no ring)
MPRegen  0.09/turn              (no ring)

@: no status effects
A: fangs 2, magic shield, antimagic bite, no potion heal 3, rot immunity
a: no special abilities


You were on level 1 of the Dungeon.
You visited 1 branch of the dungeon, and saw 1 of its levels.

Inventory:

Hand Weapons
 a - a +0 dagger (weapon)
 w - a +0 spear
Armour
 b - a +0 robe (worn)
 c - a +0 ring mail
Scrolls
 d - a scroll of enchant armour {unknown}


   Skills:
 - Level 1.2 Fighting
 - Level 1.0 Throwing
 - Level 1.9 Armour
 - Level 0.3 Dodging
   Level 1.0 Shields
 + Level 1.6 Spellcasting
   Level 2.0 Conjurations
 + Level 2.2 Necromancy


You had 2 spell levels left.
You knew the following spells:

 Your Spells              Type           Power        Failure   Level
a - Animate Skeleton      Necr           #.....       11%         1
x - Pain                  Necr           #...         11%         1

Your spell library contained the following spells:

 Spells                   Type           Power        Failure   Level
 Vampiric Draining        Necr           #.........   32%         3
 Animate Dead             Necr           #.........   71%         4
 Agony                    Necr           #.......     96%         5


Dungeon Overview and Level Annotations

Branches:
Dungeon (1/15)

Altars:


Innate Abilities, Weirdness & Mutations

You have extremely sharp teeth.
When hurt, damage is shared between your health and your magic reserves.
Your bite disrupts and absorbs the magic of your enemies.
Potions cannot restore your health.
You are immune to rotting.


Message History

Your hobgoblin skeleton misses the leopard gecko.
The leopard gecko bites your hobgoblin skeleton.
Your hobgoblin skeleton barely misses the leopard gecko.
The leopard gecko bites your hobgoblin skeleton.
Your hobgoblin skeleton is destroyed!
The leopard gecko bites you but does no damage.
Casting: Pain (safe; 11% risk of failure)
Confirm with . or Enter, or press ? or * to list all spells.
Aiming: Pain (safe; 11% risk of failure)
Press: ? - help, Shift-Dir - straight line, f/p - leopard gecko
Aim: a leopard gecko (chance to defeat MR: 68%)
The leopard gecko writhes in agony.
The leopard gecko barely misses you. The leopard gecko misses you.
Casting: Pain (safe; 11% risk of failure)
Confirm with . or Enter, or press ? or * to list all spells.
Aiming: Pain (safe; 11% risk of failure)
Press: ? - help, Shift-Dir - straight line, f/p - leopard gecko
Aim: a leopard gecko (heavily wounded, chance to defeat MR: 68%)
The leopard gecko writhes in agony.
The leopard gecko bites you.
You die...

#.# #.# #.# #.# ####
#.# .##########..# #.#
..........#..# #.#
.............#######.#
#......##@..........#
####.#.#l.....#.....#
#....).#.####.####
##.......#....####
...............)..#
#..........####..#.#
#....####### #...#.#
#.[.. #...# # #.#.#
##...#


You could see a leopard gecko.

Vanquished Creatures
  An ooze (D:1)
  2 leopard geckos (D:1)
  A giant cockroach (D:1)
  A hobgoblin (D:1)
  A frilled lizard (D:1)
  A goblin (D:1)
  4 kobolds (D:1)
  2 rats (D:1)
13 creatures vanquished.

Vanquished Creatures (collateral kills)
  A frilled lizard (D:1)
  A rat (D:1)
2 creatures vanquished.

Grand Total: 15 creatures vanquished

Notes
Turn   | Place    | Note
-------+----------+-------------------------------------------
     0 | D:1      | ICC the Vine Stalker Wanderer began the quest for the Orb.
     0 | D:1      | ICC set off with the following items: a +0 spear, a +0 ring
                  | mail; and the following spells available to memorise:
                  | Animate Skeleton, Pain, Vampiric Draining, Animate Dead,
                  | Agony
     0 | D:1      | Reached XP level 1. HP: 10/10 MP: 3/3
     2 | D:1      | Learned a level 1 spell: Animate Skeleton
     4 | D:1      | Learned a level 1 spell: Pain
    67 | D:1      | Reached XP level 2. HP: 11/14 MP: 2/4
   301 | D:1      | Slain by a leopard gecko

Illustrated notes

Levels and vault maps discovered:
D:1:      sevenhm_arrival_forest_fort_small_3, layout_rooms, serial_curves,
          eino_curves_01, eino_curves_03, chequers_serial_rivers_micro_e

Action                   || total
-------------------------++-------
Melee: Spear             ||    26
       Dagger            ||    15
       Bite              ||     2
 Cast: Pain              ||    10
       Animate Skeleton  ||     8
Armor: Ring mail         ||     9
       Robe              ||     1
Dodge: Dodged            ||    16

Table legend: (Time is in decaauts)
 A = Elapsed time spent in this place.
 B = Non-inter-level travel time spent in this place.
 C = Inter-level travel time spent in this place.
 D = Time resting spent in this place.
 E = Time spent auto-exploring this place.
 F = Levels seen in this place.
 G = Mean time per level.
                   A        B        C        D        E       F      G
               +--------+--------+--------+--------+--------+-----+--------+
         Total |    303 |    303 |      0 |     48 |     74 |   1 |  303.0 |
       Dungeon |    303 |    303 |      0 |     48 |     74 |   1 |  303.0 |
               +--------+--------+--------+--------+--------+-----+--------+

Top non-repeatable levels by time:
     D:1: 303 daAuts
